 Dungeon Crawl Stone Soup version 0.28.0 (webtiles) character file.

Game seed: 9383920437929174383

1517 zazu2006 the Magician (level 8, -1/67 HPs)
             Began as a Naga Hedge Wizard on Feb 9, 2022.
             Was a Follower of Vehumet.
             Slain by a gnoll sergeant (12 damage)
             ... on level 6 of the Dungeon.
             The game lasted 00:14:02 (8684 turns).

zazu2006 the Magician (Naga Hedge Wizard)           Turns: 8684, Time: 00:14:03

Health: -1/67      AC:  9    Str: 14    XL:     8   Next: 83%
Magic:  13/17      EV:  8    Int: 16    God:    Vehumet [*.....]
Gold:   365        SH: 16    Dex: 10    Spells: 10/19 levels left

rFire   . . .      SeeInvis +   m - +1 dagger (freeze)
rCold   + + +      Faith    .   k - +8 kite shield of Wochying {Harm Drain rC+++ rN+}
rNeg    + + .      Spirit   .   p - +0 leather armour
rPois   +          Reflect  .   t - +1 hat
rElec   .          Harm     +   c - +0 cloak
rCorr   .          Rampage  .   n - +2 pair of gloves
Will    +....                   (no barding)
Stlth   +++.......              o - amulet of the acrobat
HPRegen 0.21/turn               r - ring of positive energy
MPRegen 0.15/turn               (no ring)

@: short of breath, very slightly contaminated, very slow
A: AC +2, large, see invisible, deformed body, poison resistance, slowness 2,
spit poison 1, naga tail 1
a: Spit Poison, Renounce Religion


You were on level 6 of the Dungeon.
You worshipped Vehumet.
Vehumet was aware of your devotion.
You visited 2 branches of the dungeon, and saw 8 of its levels.

You collected 365 gold pieces.

Inventory:

Hand Weapons
 m - a +1 dagger of freezing (weapon)
 q - a +0 rapier
Armour
 c - a +0 cloak (worn)
 k - the +8 kite shield of Wochying (worn) {Harm Drain rC+++ rN+}
   (You found it on level 3 of the Dungeon)

   rC:        It renders you almost immune to cold.
   rN:        It protects you from negative energy.
   Drain:     It drains your maximum health when unequipped.
   Harm:      It increases damage dealt and taken.
 n - a +2 pair of gloves (worn)
 p - a +0 leather armour (worn)
 t - a +1 hat (worn)
Jewellery
 o - an amulet of the acrobat (around neck)
 r - a ring of positive energy (left hand)
 y - a ring of protection from fire
 B - a +4 ring of evasion
 E - a +6 ring of intelligence
Wands
 u - a wand of acid (6)
Scrolls
 d - 4 scrolls of identify {unknown}
 f - a scroll of fear {unknown}
 g - 3 scrolls of teleportation {unknown}
 j - a scroll of blinking {unknown}
 A - a scroll of amnesia {unknown}
 C - a scroll of enchant armour {unknown}
 F - a scroll of brand weapon {unknown}
 G - a scroll of enchant weapon {unknown}
Potions
 a - a potion of invisibility {unknown}
 b - a potion of heal wounds {unknown}
 e - a potion of curing {unknown}
 h - 2 potions of magic {unknown}
 i - 3 potions of brilliance {unknown}
 l - 2 potions of resistance {unknown}
 s - a potion of berserk rage {unknown}
 v - a potion of attraction {unknown}
 w - a potion of lignification {unknown}
 x - a potion of might {unknown}
 z - a potion of haste {unknown}
 D - a potion of degeneration {unknown}


   Skills:
 + Level 2.1 Fighting
 + Level 1.7 Armour
 + Level 3.0 Dodging
 + Level 5.7 Stealth
 + Level 3.1 Shields
 + Level 6.2 Spellcasting
 + Level 4.1 Conjurations
 + Level 1.0 Summonings
 + Level 1.0 Translocations
 + Level 1.4 Air Magic
 * Level 3.1 Poison Magic


You had 10 spell levels left.
You knew the following spells:

 Your Spells              Type           Power      Damage    Failure   Level
a - Magic Dart            Conj           72%        1d6       8%          1
b - Mephitic Cloud        Conj/Pois/Air  14%        N/A       34%         3
c - Conjure Flame         Conj/Fire      11%        6-21      45%         3
d - Blink                 Tloc           16%        N/A       38%         2

Your spell library contained the following spells:

 Spells                   Type           Power      Damage    Failure   Level
 Shock                    Conj/Air       56%        1d6       13%         1
 Beastly Appendage        Tmut           10%        N/A       38%         1
 Slow                     Hex            20%        N/A       38%         1
 Call Imp                 Summ           8%         N/A       38%         2
 Wereblood                Tmut           5%         N/A       52%         2
 Spider Form              Tmut/Pois      10%        N/A       54%         3
 Ozocubu's Armour         Ice            5%         N/A       77%         3
 Animate Dead             Necr           2%         N/A       99%         4
 Metabolic Englaciation   Hex/Ice        2%         N/A       100%        5
 Simulacrum               Ice/Necr       2%         N/A       100%        6
 Haunt                    Necr/Summ      3%         N/A       100%        7
 Infestation              Necr           2%         N/A       100%        8


Dungeon Overview and Level Annotations

Branches:
Dungeon (7/15)             Temple (1/1) D:4

Altars:
Cheibriados
Dithmenos
Elyvilon
Fedhas
Gozag
Kikubaaqudgha
Makhleb
Okawaru
Qazlal
Ru
Trog
Vehumet
Wu Jian
Xom
Yredelemnul
The Shining One


Innate Abilities, Weirdness & Mutations

Your serpentine skin is tough. (AC +2)
You have supernaturally acute eyesight. (SInv)
Armour fits poorly on your strangely shaped body.
Your system is resistant to poisons. (rPois)
You cover ground very slowly.
You can spit poison.
You have a snake-like lower body.


Message History

The gnoll sergeant is lightly wounded.
The gnoll sergeant is engulfed in noxious fumes.
The gnoll sergeant appears confused.
You block the gnoll sergeant's attack.
You hit the gnoll sergeant but do no damage.
The gnoll sergeant is lightly wounded.
The gnoll sergeant is engulfed in noxious fumes.
The gnoll sergeant appears confused.
The gnoll sergeant is engulfed in noxious fumes.
The gnoll sergeant appears confused.
Aiming: Spit Poison (1% risk of failure)
Press: ? - help, Shift-Dir - straight line, f/p - gnoll sergeant
Aim: a gnoll sergeant, wielding a +0 spear, wearing a +0 scale mail and wearing a +0 kite shield (lightly wounded, confused, 97% to hit)
The splash of poison hits the gnoll sergeant!
The gnoll sergeant is severely wounded.
Unknown command.
The gnoll sergeant closely misses you.
You hit the gnoll sergeant but do no damage.
The gnoll sergeant is severely wounded.
You block the gnoll sergeant's attack.
You hit the gnoll sergeant but do no damage.
The gnoll sergeant is severely wounded.
The gnoll sergeant hits you with a +0 spear.
You hit the gnoll sergeant but do no damage.
The gnoll sergeant is severely wounded.
You barely miss the gnoll sergeant.
The gnoll sergeant is severely wounded.
You have got your breath back.
The gnoll sergeant hits you with a +0 spear!
* * * LOW HITPOINT WARNING * * *
Unknown command.
Aiming: Spit Poison (1% risk of failure)
Press: ? - help, Shift-Dir - straight line, f/p - gnoll sergeant
Aim: a gnoll sergeant, wielding a +0 spear, wearing a +0 scale mail and wearing a +0 kite shield (severely wounded, confused, 97% to hit)
The splash of poison hits the gnoll sergeant.
The gnoll sergeant is severely wounded.
Unknown command.
You hit the gnoll sergeant. You freeze the gnoll sergeant.
The gnoll sergeant is almost dead.
The gnoll sergeant hits you with a +0 spear!
You die...

#.#####.# #.......#
#.####### #.# ####### #.#
#.....# #.# #.###.#
###.###.###.######
#................#
#.g@..#.###..###.#
#########....##.###..# #.#
#.........#>###......###.#
#.#########.# ######.##..#
#.# #.# #.##..# #.# ##'##
#.....# #.# ##...##
####.## ##.## ##.....##
###.# ##...## ##.......##
##.#.#


You could see a gnoll sergeant (confused).

Vanquished Creatures
  Sigmund (D:3)
  Eustachio (D:5)
  A water moccasin (D:6)
  A black bear (D:5)
  An ogre (D:5)
  A phantom (D:6)
  2 scorpions (D:5)
  A gnoll sergeant (D:6)
  A water moccasin zombie (D:5)
  A wyvern skeleton (D:5)
  A water moccasin skeleton (D:4)
  A bullfrog zombie (D:6)
  A centaur zombie (D:6)
  A centaur skeleton (D:5)
  Jessica (D:3)
  2 iguanas (D:6)
  Terence (D:4)
  3 orc wizards
  A hound skeleton (D:4)
  3 gnolls (D:6)
  6 adders
  2 shadow imps
  A dart slug (D:3)
  11 orcs
  3 ball pythons
  5 bats
  11 endoplasms
  2 giant cockroaches (D:1)
  7 goblins
  9 hobgoblins
  2 jackals (D:5)
  9 kobolds
  4 quokkas
  2 frilled lizards
  8 rats
108 creatures vanquished.

Vanquished Creatures (collateral kills)
  An iguana (D:6)
  2 gnolls (D:6)
3 creatures vanquished.

Vanquished Creatures (others)
  An orc wizard (D:6)
1 creature vanquished.

Grand Total: 112 creatures vanquished

Notes
Turn   | Place    | Note
-------+----------+-------------------------------------------
     0 | D:1      | zazu2006 the Naga Hedge Wizard began the quest for the Orb.
     0 | D:1      | Reached XP level 1. HP: 15/15 MP: 4/4
   287 | D:1      | Reached XP level 2. HP: 22/22 MP: 3/6
   776 | D:1      | Reached XP level 3. HP: 28/28 MP: 4/8
  1002 | D:1      | Learned a level 3 spell: Mephitic Cloud
  1006 | D:1      | Learned a level 3 spell: Conjure Flame
  1009 | D:1      | Learned a level 2 spell: Blink
  1355 | D:1      | Found a faded altar of an unknown god.
  1704 | D:2      | Found a shimmering altar of Xom.
  1736 | D:2      | Reached skill level 4 in Spellcasting
  2238 | D:2      | Reached XP level 4. HP: 34/36 MP: 6/10
  2721 | D:3      | Identified the +8 kite shield of Wochying {Harm Drain rC+++
                  | rN+}
  2907 | D:3      | Noticed Terence
  2922 | D:4      | Found a staircase to the Ecumenical Temple.
  2926 | Temple   | Entered the Ecumenical Temple
  3191 | Temple   | Became a worshipper of Vehumet
  3253 | D:3      | Noticed Jessica
  3273 | D:4      | Killed Terence
  3274 | D:4      | Reached skill level 1 in Shields
  3514 | D:3      | Killed Jessica
  3515 | D:3      | Reached XP level 5. HP: 42/42 MP: 7/11
  3790 | D:3      | Noticed Sigmund
  3802 | D:3      | Killed Sigmund
  3803 | D:3      | Reached XP level 6. HP: 32/49 MP: 5/13
  5005 | D:5      | Entered Level 5 of the Dungeon
  5023 | D:5      | Reached skill level 1 in Fighting
  5023 | D:5      | Reached skill level 5 in Spellcasting
  5023 | D:5      | Reached XP level 7. HP: 57/57 MP: 10/14
  5073 | D:5      | Reached skill level 5 in Stealth
  5357 | D:5      | Noticed Eustachio
  5386 | D:5      | Killed Eustachio
  5597 | D:5      | Reached skill level 1 in Poison Magic
  5956 | D:5      | Reached XP level 8. HP: 60/64 MP: 7/16
  6029 | D:5      | Reached skill level 1 in Armour
  7095 | D:6      | Reached skill level 6 in Spellcasting
  7156 | D:6      | Reached * piety under Vehumet
  7156 | D:6      | Offered knowledge of Shock by Vehumet.
  7856 | D:6      | Reached skill level 1 in Air Magic
  8684 | D:6      | Slain by a gnoll sergeant

Illustrated notes

Levels and vault maps discovered:
D:1:      nicolae_arrival_washed_ashore, layout_rooms,
          hellmonk_ecumenical_altar_heavens_door
D:2:      layout_basic, basic_altar
D:3:      layout_loops_cross, minmay_vboxes, uniq_terence, uniq_sigmund,
          uniq_jessica
D:4:      layout_cave_pools, minmay_temple_entry_butterflies, minivault_11,
          hangedman_decor_growths, minmay_misc_feat_secret_circle
D:5:      layout_basic, uniq_eustachio
D:6:      layout_loops_corners
D:7:      layout_gridville, lemuel_blue_sif_altar
Temple:   roderic_octagonal_lattice_temple

Skill      XL: |  1  2  3  4  5  6  7  8 |
---------------+-------------------------+-----
Spellcasting   | 4 5 6 |  6.2
Conjurations   | 2 3 4 |  4.1
Shields        | 1 2 3 |  3.1
Stealth        | 4 5 |  5.7
Fighting       | 1 2 |  2.1
Dodging        | 2 3 |  3.0
Poison Magic   | 1 3 |  3.1
Armour         | 1 |  1.7
Air Magic      | 1 |  1.4
Summonings     | |  1.0
Translocations | |  1.0

Action                   |  1- 3 |  4- 6 |  7- 9 || total
-------------------------+-------+-------+-------++-------
Melee: Dagger            |     9 |    24 |   216 ||   249
       Punch             |       |     1 |       ||     1
 Cast: Magic Dart        |   104 |    95 |    40 ||   239
       Mephitic Cloud    |       |     4 |     8 ||    12
       Blink             |       |     1 |       ||     1
       Conjure Flame     |       |       |     3 ||     3
 Abil: Spit Poison       |    16 |    10 |    10 ||    36
Evoke: Wand              |       |       |     2 ||     2
 Stab: Confused          |       |     4 |     2 ||     6
       Sleeping          |       |       |     2 ||     2
Armor: Robe              |     2 |     6 |       ||     8
       Leather armour    |       |       |    60 ||    60
Dodge: Dodged            |    20 |    20 |    66 ||   106
Block: Kite shield       |       |       |   147 ||   147
